← All builds
Suicide front / Armada / Factory first / OBSERVED BUILD

Standard suicide front

Armada Suicide front build order · Supreme Isthmus

The role's baseline: Bot Lab at 0:21 then straight into reclaim-fed T1 bot production to contest the middle and hold until T2 arrives, with an Advanced Metal Extractor around 9:45.

#rush · 2028 distinct matches · 233 players · 72% of Armada Suicide front games · team won 59% of 2406 · Recently observed

HOW TO PLAY IT

Key timing: Bot Lab by 0:20

  1. Open with mex and lab-first to get Bot Lab up by 0:20.
  2. Expand mex and wind while lab pumps units toward middle.
  3. Push Sentry and early Rocketeer, Centurion to contest middle.
  4. Get T2 constructor out once Pond's boost lets you spare metal.
  5. Upgrade mex to Advanced Metal Extractor as you transition off T1 spam.

Phase by phase

TYPICAL OF ITS 2028 GAMES
  1. 1
  2. 2
  3. 3
PLAY THE OPENING

Follow the example game's first 6:00 step by step: what to build now, what comes next, and where it goes. At 1× it keeps pace with your own game.

  1. 1

    Bot Lab first

    Order
    1. Bot LabBot Lab done ~0:24, middle half 0:20–0:33

    Some games also: mex (44%)

  2. 2

    Bot Lab to 5:00

    Economy
    • Metal Extractor5Mex
    • Wind Turbine4Wind
    Builders
    • Construction Bot3 Con bot
    • Lazarus2 Lazarus
    Army
    • Sentry4 Sentry
    • Rocketeer16 Rocketeer
    • Tick2 Tick
    • Centurion1 Centurion
    Other
    • Radar Tower1 Radar Tower

    Some games also: pawn (38%) · con turret (34%)

    By 5:00 in all: 5 mex · 4 wind

    The example game in this phase · 41 steps
    1. LazarusLazarus ×2
    2. TickTick ×3
    3. Construction BotCon bot ×2
    4. Radar TowerRadar Tower
    5. SentrySentry
    6. Construction BotCon bot
    7. CenturionCenturion
    8. Mex ×2
    9. RocketeerRocketeer ×3
    10. Mex
    11. RocketeerRocketeer
    12. Mex
    13. RocketeerRocketeer
    14. SentrySentry
    15. RocketeerRocketeer
    16. Radar TowerRadar Tower
    17. RocketeerRocketeer
    18. Wind
    19. SentrySentry
    20. RocketeerRocketeer ×3
    21. Wind
    22. LazarusLazarus
    23. RocketeerRocketeer
    24. Wind
    25. RocketeerRocketeer ×3
    26. Wind
    27. Mex
    28. Construction BotCon bot
    29. Dragon's TeethDragon's Teeth ×6
    30. CenturionCenturion
    31. Wind
    32. Con turret
    33. RocketeerRocketeer
    34. Wind
    35. RocketeerRocketeer
    36. Energy storage
    37. SentrySentry
    38. RocketeerRocketeer ×2
    39. SentrySentry
    40. Converter
    41. RocketeerRocketeer ×2
  3. 3

    5:00 to 10:00

    Economy
    • Metal Extractor1Mex
    • Wind Turbine15Wind
    Builders
    • Construction Turret2 Con turret
    • Lazarus2 Lazarus
    • Construction Bot1 Con bot
    Army
    • Sentry1 Sentry
    • Rocketeer8 Rocketeer

    Some games also: pawn (49%) · Radar Tower (46%) · tick (45%) · centurion (44%) · energy storage (42%) · eat Bot Lab (31%)

    By 10:00 in all: 6 mex · 21 wind · 1 energy storage · 2 con turret

    The example game in this phase · 140 steps
    1. SentrySentry
    2. RocketeerRocketeer
    3. Con turret
    4. RocketeerRocketeer ×2
    5. NettleNettle
    6. RocketeerRocketeer
    7. LazarusLazarus
    8. RocketeerRocketeer ×4
    9. Construction BotCon bot
    10. CenturionCenturion
    11. RocketeerRocketeer ×10
    12. Wind
    13. LazarusLazarus
    14. Wind
    15. RocketeerRocketeer
    16. Wind
    17. RocketeerRocketeer
    18. Wind
    19. RocketeerRocketeer ×2
    20. Construction BotCon bot
    21. NettleNettle
    22. Wind
    23. CrossbowCrossbow
    24. Wind
    25. CenturionCenturion
    26. Wind
    27. RocketeerRocketeer
    28. Wind
    29. RocketeerRocketeer
    30. Wind
    31. RocketeerRocketeer
    32. Wind
    33. RocketeerRocketeer
    34. Wind
    35. RocketeerRocketeer
    36. Wind
    37. SentrySentry
    38. RocketeerRocketeer
    39. Advanced Metal ExtractorT2 mexdone 8:45 · typical 9:46
    40. RocketeerRocketeer
    41. Wind
    42. Con turret
    43. SentrySentry
    44. Wind
    45. RocketeerRocketeer
    46. Wind
    47. RocketeerRocketeer
    48. SentrySentry
    49. Wind
    50. Vehicle PlantVehicle Plantdone 8:58
    51. TickTick
    52. SentrySentry
    53. Wind
    54. Advanced Metal ExtractorT2 mex
    55. TickTick
    56. Wind
    57. Converter
    58. TickTick
    59. Wind
    60. BlitzBlitz
    61. Mex
    62. TickTick
    63. Converter
    64. BlitzBlitz
    65. TickTick
    66. Wind
    67. BlitzBlitz
    68. TickTick
    69. Converter
    70. TickTick
    71. Wind
    72. BlitzBlitz
    73. TickTick
    74. BlitzBlitz
    75. TickTick
    76. Wind
    77. BlitzBlitz
    78. TickTick
    79. BlitzBlitz
    80. TickTick
    81. Wind
    82. TickTick
    83. BlitzBlitz
    84. TickTick
    85. Converter
    86. Wind
    87. BlitzBlitz
    88. TickTick
    89. Advanced Metal ExtractorT2 mex
    90. BlitzBlitz
    91. TickTick
    92. Wind
    93. TickTick
    94. BlitzBlitz
    95. Wind
    96. TickTick
    97. Wind
    98. TickTick
    99. BlitzBlitz
    100. Con turret
    101. TickTick
    102. Con turret
    103. Wind
    104. TickTick
    105. BlitzBlitz
    106. Construction BotCon bot
    107. Wind
    108. Converter
    109. BlitzBlitz
    110. Wind
    111. Advanced Metal ExtractorT2 mex
    112. BlitzBlitz
    113. TickTick
    114. BlitzBlitz
    115. TickTick
    116. Wind
    117. BlitzBlitz
    118. TickTick ×2
    119. BlitzBlitz
    120. TickTick
    121. Wind
    122. BlitzBlitz
    123. TickTick ×2
    124. BlitzBlitz
    125. TickTick
    126. BlitzBlitz
    127. TickTick
    128. Wind
    129. Mex
    130. TickTick
    131. BlitzBlitz
    132. TickTick ×2
    133. BlitzBlitz
    134. Wind
    135. TickTick
    136. BlitzBlitz
    137. TickTick
    138. Wind
    139. TickTick
    140. BlitzBlitz

Counts are medians over the build's games: half of them build more, half fewer. The example game is AcquiredTaste's (31 OS, 05/10/2026); pick another.

Team trades

IN AT LEAST 30% OF ITS GAMES

You hand over

Nothing regular.

You get

  • Tidal Generator4 Tidal from Pondfirst at 0:10 · in 68% of games
  • Advanced Construction Bot1 T2 con bot from Geo or Techfirst at 7:41 · in 57% of games

How it plays out

Typical game of this build, running totals by minute

Metal produced

010k20k
0:005:0010:0015:00

metal

Enemy metal destroyed

05k10k
0:005:0010:0015:00

metal

Own metal lost

05k10k
0:005:0010:0015:00

metal

2406 games.

Show as table
ByMetal produced: This buildEnemy metal destroyed: This buildOwn metal lost: This build
1:0023000
2:0088700
3:002008184130
4:003109645501
5:00418413531000
6:00534721831707
7:00654330512589
8:00776039363499
9:00904646894375
10:001041253125161
11:001188958585966
12:001357864076686
13:001539668767455
14:001729675048213
15:001925281069007
WHAT THE NUMBERS SAY

Standard Suicide front play wins a bit over half its games while taking the heaviest own losses of any role by 15:00.

  • + Produces 20142 metal by 15:00, highest of the front roles.
  • + First kill by 2:01 in all games, fastest contest of middle.
  • − Own metal lost hits 9178 by 15:00, more than enemy metal destroyed.
  • − Only 34% Rocketeer share shows army spread thin across many bot types.
THE EXAMPLE YOU ARE READING

AcquiredTaste

30.7 OS · 05/10/2026

Open source match ↗

6 received units · includes a constructor
32 metal received · 34450 energy received

Allied construction assistance is unknown. Timings are observations, not a promise of solo reproducibility.

Typical milestones

Bot Lab0:24Middle 50%: 0:20–0:33 · n=2398
Advanced Metal Extractor9:46Middle 50%: 8:50–10:58 · n=1738

Played most by

_X_262games of this buildPlatinumBlonde188games of this buildXad166games of this buildTrapCaT109games of this buildSoliloqueur81games of this build